 Dungeon Crawl Stone Soup version 0.30-a0-219-gf2db51d15e (webtiles) character file.

Game seed: 6644243345204503366

123970 Decritt the Bewitcher (level 16, -10/85 HPs)
             Began as a Spriggan Enchanter on Oct 7, 2022.
             Was a High Priest of Dithmenos.
             Killed from afar by a deep elf sorcerer (16 damage)
             ... with a bolt of acid
             ... on level 1 of the Elven Halls.
             The game lasted 02:33:58 (38614 turns).

Decritt the Bewitcher (Spriggan Enchanter)         Turns: 38614, Time: 02:33:59

Health: -10/85     AC:  8    Str:  4    XL:     16   Next: 38%
Magic:  11/11      EV: 38    Int: 24    God:    Dithmenos [*****.]
Gold:   1531       SH:  9    Dex: 30    Spells: 19/44 levels left

rFire   . . .      SeeInvis +    O - +8 dagger of Ese Xuipn {antimagic, *Corrode rElec Dex+4}
rCold   . . .      Faith    +    b - +0 buckler {AC+3}
rNeg    . . .      Spirit   .    v - +2 steam dragon scales
rPois   .          Reflect  .    f - +0 mask of the Dragon {Will+ Slay+3 SInv}
rElec   +          Harm     .    j - +0 cloak
rCorr   .          Rampage  .    (gloves unavailable)
Will    +++..                    (boots unavailable) Stlth ***+++++++
                                 C - amulet of faith
HPRegen 0.34/turn                s - +6 ring of intelligence
MPRegen 0.12/turn                M - ring "Baurgh" {Dex+4 SInv Stlth+}

@: corroded, wreathed by umbra, very quick
A: very small, no large weapons, unfitting armour, see invisible, speed 3
a: Renounce Religion, Shadow Step, Shadow Form


You were on level 1 of the Elven Halls.
You worshipped Dithmenos.
Dithmenos was extremely pleased with you.
You visited 7 branches of the dungeon, and saw 29 of its levels.
You also visited: Trove and Bailey.

You collected 3485 gold pieces.
You spent 1954 gold pieces at shops.

Inventory:

Hand Weapons
 z - the +6 dagger "Piroh" {vorpal, rCorr Int+2}
   (You took it off a kobold demonologist in a bailey)

   It inflicts extra damage upon your enemies.
   Int:       It affects your intelligence (+2).
   rCorr:     It protects you from acid and corrosion.
 O - the +8 dagger of Ese Xuipn (weapon) {antimagic, *Corrode rElec Dex+4}
   (You bought it in a shop on level 2 of the Orcish Mines)

   It reduces the magical energy of the wielder, and disrupts the spells and
   magical abilities of those it strikes.
   Natural abilities and divine invocations are not affected.
   Dex:       It affects your dexterity (+4).
   rElec:     It insulates you from electricity.
   *Corrode:  It may corrode you when you take damage.
Missiles
 y - a throwing net
Armour
 b - a +0 buckler of protection (worn)
 f - the +0 mask of the Dragon (worn) {Will+ Slay+3 SInv}
   (You acquired it on level 2 of the Dungeon)

   Slay:      It affects your accuracy & damage with ranged weapons and melee
   (+3).
   SInv:      It lets you see invisible.
   Will:      It increases your willpower.
 j - a +0 cloak (worn)
 v - +2 steam dragon scales (worn)
 E - a +2 robe of fire resistance
 L - +0 swamp dragon scales
 P - a +2 robe of willpower
Jewellery
 k - an amulet of guardian spirit
 s - a +6 ring of intelligence (left hand)
 w - a +6 ring of strength
 C - an amulet of faith (around neck)
 F - a +6 ring of intelligence
 M - the ring "Baurgh" (right hand) {Dex+4 SInv Stlth+}
   (You found it on level 3 of the Swamp)

   [ring of see invisible]

   Dex:       It affects your dexterity (+4).
   SInv:      It lets you see invisible.
   Stlth:     It makes you more stealthy.
 S - a ring of protection from fire
 T - a +6 ring of dexterity
 U - the amulet "Ibranas" {Reflect +Inv SH+5}
   (You found it in a treasure trove)

   [amulet of reflection]

   It reflects blocked missile attacks.
   +Inv:      It lets you turn invisible.
   SH:        It affects your SH (+5).
 V - a ring of poison resistance
 Y - an amulet of the acrobat
Wands
 D - a wand of mindburst (26)
 K - a wand of digging (15)
Scrolls
 d - 10 scrolls of teleportation
 g - 6 scrolls of fear
 h - 3 scrolls of immolation
 l - 6 scrolls of poison
 m - 6 scrolls of amnesia
 o - 3 scrolls of blinking
 r - 18 scrolls of identify
 t - 5 scrolls of brand weapon
 x - 3 scrolls of enchant weapon
 A - a scroll of silence
 B - 2 scrolls of butterflies
 J - a scroll of magic mapping
Potions
 a - 4 potions of mutation
 c - 3 potions of invisibility
 e - 16 potions of curing
 i - 2 potions of cancellation
 n - 7 potions of brilliance
 p - 5 potions of might
 q - 5 potions of ambrosia
 u - 6 potions of lignification
 G - 2 potions of resistance
 H - 3 potions of flight
 I - a potion of haste
 N - a potion of heal wounds


   Skills:
 + Level 9.9 Fighting
 + Level 10.7 Short Blades
 - Level 5.0 Armour
 + Level 15.8 Dodging
 - Level 14.0 Stealth
 + Level 4.7 Shields
 + Level 14.8 Spellcasting
 + Level 18.3 Hexes
 - Level 4.5 Translocations


You had 19 spell levels left.
You knew the following spells:

 Your Spells              Type           Power      Damage    Failure   Level
a - Confusing Touch       Hex            82%        N/A       0%          3
b - Discord               Hex            41%        N/A       22%         8
c - Ensorcelled Hibernat  Hex/Ice        100%       N/A       1%          2
d - Tukima's Dance        Hex            82%        N/A       0%          3
e - Blink                 Tloc           78%        N/A       1%          2
f - Cause Fear            Hex            41%        N/A       1%          4
g - Dazzling Flash        Conj/Hex       100%       N/A       1%          3

Your spell library contained the following spells:

 Spells                   Type           Power      Damage    Failure   Level
 Slow                     Hex            100%       N/A       0%          1
 Inner Flame              Hex/Fire       58%        N/A       1%          3
 Momentum Strike          Conj/Tloc      56%        3d9       3%          2
 Gell's Gravitas          Tloc           39%        N/A       3%          3
 Lesser Beckoning         Tloc           78%        N/A       3%          3
 Teleport Other           Tloc           39%        N/A       3%          3
 Metabolic Englaciation   Hex/Ice        29%        N/A       4%          5
 Sting                    Tmut/Pois      68%        1d6       6%          1
 Vhi's Electric Charge    Tloc/Air       56%        N/A       8%          3
 Poisonous Vapours        Pois/Air       34%        N/A       10%         2
 Scorch                   Fire           34%        2d6       10%         2
 Static Discharge         Conj/Air       34%        2-4/arc   10%         2
 Ozocubu's Armour         Ice            17%        N/A       19%         3
 Vampiric Draining        Necr           17%        2d7       19%         3
 Flame Wave               Conj/Fire      17%        2d7       52%         4
 Olgreb's Toxic Radiance  Pois           17%        N/A       52%         4
 Alistair's Intoxication  Tmut/Pois      11%        N/A       86%         5
 Arcjolt                  Conj/Air       8%         1d18      86%         5
 Borgnjor's Vile Clutch   Necr/Erth      8%         N/A       86%         5
 Lightning Bolt           Conj/Air       8%         1d21      86%         5
 Eringya's Noxious Bog    Tmut/Pois      8%         N/A       100%        6
 Simulacrum               Ice/Necr       8%         N/A       100%        6
 Summon Cactus Giant      Summ           8%         N/A       100%        6
 Ozocubu's Refrigeration  Ice            8%         4d9       100%        7


Dungeon Overview and Level Annotations

Branches:
Dungeon (15/15)            Temple (1/1) D:4            Lair (5/5) D:8
  Swamp (4/4) Lair:2       Spider (1/4) Lair:3        Slime (0/5) Lair:5
    Orc (2/2) D:11            Elf (1/3) Orc:2        Vaults (0/5) D:13
 Depths (0/4) D:15         Bailey (visited)

Altars:
Ashenzari
Cheibriados
Dithmenos
Elyvilon
Fedhas
Gozag
Hepliaklqana
Kikubaaqudgha
Nemelex Xobeh
Okawaru
Qazlal
Ru
Sif Muna
Trog
Uskayaw
Vehumet
Wu Jian
Xom
Yredelemnul
Zin
The Shining One

Shops:
D:1 (?:   D:3 (   D:12 =   D:14 :   Orc:2 ??*(

Portals:
Abyss: D:11

Annotations:
D:11 2 transporters, Decritt's ghost, journeyman SpEn
D:14 1 runed translucent door


Innate Abilities, Weirdness & Mutations

You are very small and have problems with some larger weapons.
You are too small for most types of armour.
You have supernaturally acute eyesight. (SInv)
You cover ground extremely quickly. (Speed+++)


Message History

The deep elf pyromancer is moderately wounded.
Your shadow hits the deep elf pyromancer with a dagger.
You block the deep elf pyromancer's attack.
You puncture the deep elf pyromancer!
The deep elf pyromancer's magic leaks into the air.
The deep elf pyromancer is heavily wounded.
Your shadow hits the deep elf pyromancer with a dagger.
You puncture the deep elf pyromancer!
The deep elf pyromancer's magic leaks into the air.
The deep elf pyromancer is severely wounded.
Your shadow misses the deep elf pyromancer.
The deep elf sorcerer gestures wildly while chanting.
The deep elf sorcerer seems to speed up.
The deep elf pyromancer completely misses you.
You puncture the deep elf pyromancer!
You kill the deep elf pyromancer!
Dithmenos accepts your kill.
The deep elf sorcerer gestures at you while chanting.
The sphere of damnation explodes!
The damnation engulfs you!!!
You see here a +0 long sword.
The deep elf sorcerer mumbles some strange words.
You feel disoriented.
The deep elf sorcerer gestures at you while chanting.
The bolt of acid misses you.
You hit the deep elf sorcerer.
The deep elf sorcerer's magic leaks into the air.
The deep elf sorcerer is lightly wounded.
You barely miss the deep elf sorcerer.
The deep elf sorcerer is lightly wounded.
You block the deep elf sorcerer's attack.
You hit the deep elf sorcerer.
The deep elf sorcerer's magic leaks into the air.
The deep elf sorcerer is lightly wounded.
The deep elf sorcerer gestures at you while chanting.
The bolt of acid hits you!!!
* * * LOW HITPOINT WARNING * * *
You emit a cloud of dark smoke.
The acid corrodes you!
The deep elf sorcerer points at you and mumbles some strange words.
The bolt of acid hits you!
You die...

## #.#..## ####..# .###+###
#+##..#####)....# #'.....#
#.##..###....#..#
##.....######.#..###.))#....#
#.............)..##..#.)....#
#.........#########......#..#
#.......#.##..§§##.....#....#
##.....##.#).§§§§#...#......#
#.....+..#..§e§@§.........##
#######..#...§§§§....)....#
##)#:....$#...#.....#
#.##....##.....#...# #
..#########.....^#.# ##
#........##..#.....# .#
####.....###...#...# .+
+....).###....#.# .#
##......##


You could see a deep elf sorcerer (fast, magic disrupted).

Vanquished Creatures
  Frances (Spider:1)
  The ghost of Gydif the Fencer, an adept DsGl of Makhleb (Swamp:3)
  2 orc warlords (Orc:2)
  A very ugly thing (D:15)
  6 eleionomae
  Josephine (Lair:5)
  A shambling mangrove (Swamp:3)
  6 hydras
  5 catoblepae
  5 centaur warriors
  The ghost of Decritt the Covert, a journeyman SpEn of Dithmenos (D:14)
  2 alligators (Swamp:2)
  2 ghost crabs
  4 boulder beetles
  Erica (D:9)
  4 two-headed ogres
  14 death yaks
  2 tengu warriors
  A death knight (D:14)
  An orc high priest (Orc:2)
  2 deep elf knights (Elf:1)
  Sonja (Lair:5)
  Amaemon (Lair:2)
  3 swamp dragons
  2 goliath frogs
  A death drake (Swamp:1)
  A steelbarb worm (Spider:1)
  7 bog bodies
  A phantasmal warrior (D:14)
  2 lindwurms (Lair:3)
  5 deep elf zephyrmancers (Elf:1)
  A wizard (D:15)
  6 orc knights
  13 deep elf pyromancers
  A wolf spider (Spider:1)
  12 cyclopes
  5 manticores
  4 orc sorcerers
  6 ugly things
  2 will-o-the-wisps
  5 black mambas
  Joseph (D:7)
  A black mamba (shapeshifter) (D:13)
  An orange demon (Lair:2)
  2 torpor snails
  2 gargoyles (D:11)
  11 cane toads
  3 rime drakes
  2 kobold demonologists
  2 freezing wraiths (D:14)
  8 komodo dragons
  An efreet (D:14)
  A komodo dragon (shapeshifter) (D:15)
  A tengu conjurer (D:14)
  3 red devils (D:12)
  2 guardian mummies (D:13)
  A bloated husk (Swamp:4)
  4 trolls
  A troll (shapeshifter) (D:14)
  2 polar bears
  11 tyrant leeches
  Prince Ribbit (D:7)
  6 hornets
  A tarantella (Spider:1)
  5 dream sheep
  A dream sheep (shapeshifter) (D:15)
  12 slime creatures
  A culicivora (shapeshifter) (D:13)
  A culicivora (Spider:1)
  3 spriggans
  4 jumping spiders
  7 wraiths
  A spriggan (shapeshifter) (D:12)
  6 wyverns
  31 yaks
  A vampire (D:13)
  Eustachio (D:4)
  A water elemental (Elf:1)
  8 vampire mosquitoes
  3 steam dragons
  2 basilisks
  2 redbacks (Spider:1)
  Menkaure (D:4)
  9 swamp worms
  3 wargs
  2 acid dragons
  16 water moccasins
  2 black bears
  21 orc warriors
  An ice beast (D:6)
  8 ogres
  4 wolves (Lair:3)
  6 centaurs
  7 kobold brigands
  5 phantoms
  5 gnoll sergeants
  12 bullfrogs
  2 necrophages (D:5)
  2 scorpions
  3 wights (D:9)
  13 killer bees
  14 electric eels
  4 howler monkeys
  5 jellies
  7 orc priests
  5 hounds
  9 hell rats
  7 iguanas
  22 orc wizards
  6 gnolls
  9 adders
  2 shadow imps
  2 white imps
  2 ufetubi (D:7)
  A worm (D:3)
  2 dart slugs
  54 orcs
  3 bats
  5 endoplasms
  A giant cockroach (D:2)
  20 goblins
  14 hobgoblins
  4 jackals (D:3)
  2 quokkas
  2 ball pythons
  7 frilled lizards
  37 kobolds
  7 rats
  A spectral orc (D:9)
676 creatures vanquished.

Vanquished Creatures (collateral kills)
  Rupert (Orc:2)
  A vault guard (D:13)
  A death knight (D:13)
  An ogre mage (Orc:1)
  A two-headed ogre (Orc:1)
  2 orc high priests (Orc:2)
  2 orc knights (Orc:2)
  2 orc sorcerers (Orc:2)
  A kobold demonologist (Bailey)
  A red devil (D:12)
  2 wargs (Orc:2)
  11 orc warriors
  A centaur (D:13)
  A kobold brigand (D:11)
  A gnoll sergeant (D:11)
  A wight (D:7)
  9 orc priests
  7 orc wizards
  2 gnolls
  25 orcs
73 creatures vanquished.

Vanquished Creatures (others)
  2 orc sorcerers (Orc:2)
  3 bloated husks
  2 trolls (Orc:2)
  15 dancing weapons
  5 orc warriors (Orc:2)
  An orc wizard (Orc:2)
  An orc (Orc:2)
  8 foxfires (Swamp:2)
  25 fungi
  24 plants
  7 toadstools (Lair:3)
93 creatures vanquished.

Grand Total: 842 creatures vanquished

Notes
Turn   | Place    | Note
-------+----------+-------------------------------------------
     0 | D:1      | Decritt the Spriggan Enchanter began the quest for the Orb.
     0 | D:1      | Reached XP level 1. HP: 9/9 MP: 5/5
    50 | D:1      | Found Coovei's Magic Scroll Emporium.
   221 | D:1      | Found Souvat's Antique Weapon Shoppe.
   282 | D:1      | Found Esoleg's Book Shoppe.
   325 | D:1      | Found a faded altar of an unknown god.
   666 | D:2      | Reached XP level 2. HP: 13/13 MP: 6/6
  1055 | D:2      | Reached XP level 3. HP: 17/17 MP: 8/8
  1195 | D:2      | Reached skill level 4 in Hexes
  1279 | D:2      | Identified a scroll of acquirement
  1279 | D:2      | Acquired the +0 mask of the Dragon {Will+ Slay+3 SInv}
  1279 | D:2      | Found the +0 mask of the Dragon {Will+ Slay+3 SInv}
  1379 | D:2      | Reached skill level 5 in Stealth
  1703 | D:3      | Found a broken altar of Ashenzari.
  1703 | D:3      | Found a blossoming altar of Fedhas.
  1709 | D:3      | Reached skill level 1 in Fighting
  1720 | D:3      | Learned a level 3 spell: Confusing Touch
  1724 | D:3      | Learned a level 3 spell: Dazzling Flash
  1727 | D:3      | Learned a level 2 spell: Ensorcelled Hibernation
  1737 | D:3      | Reached XP level 4. HP: 22/22 MP: 10/10
  2049 | D:3      | You fall into a shaft and drop 2 floors!
  2049 | D:5      | Entered Level 5 of the Dungeon
  2174 | D:3      | Found Fericwot's Antique Weapon Boutique.
  2518 | D:4      | Noticed a scorpion
  2524 | D:4      | Killed a scorpion
  2525 | D:4      | Reached XP level 5. HP: 25/25 MP: 11/11
  2592 | D:4      | Noticed Menkaure
  2599 | D:4      | Killed Menkaure
  2600 | D:4      | Reached XP level 6. HP: 30/30 MP: 11/13
  2603 | D:4      | Identified the +3 sling of Tuqes {vorpal, rElec}
  2609 | D:4      | Noticed Eustachio
  2642 | D:4      | Found a staircase to the Ecumenical Temple.
  2654 | Temple   | Entered the Ecumenical Temple
  2845 | Temple   | Became a worshipper of Dithmenos the Shadowed
  2965 | D:4      | Killed Eustachio
  2966 | D:4      | Reached skill level 5 in Hexes
  3045 | D:4      | Reached XP level 7. HP: 34/35 MP: 3/14
  3198 | D:4      | Found an iron altar of Okawaru.
  3198 | D:4      | Found a bloodstained altar of Trog.
  3506 | D:4      | Reached skill level 5 in Dodging
  3872 | D:5      | Learned a level 3 spell: Tukima's Dance
  3923 | D:5      | Reached * piety under Dithmenos
  4206 | D:5      | Reached skill level 5 in Spellcasting
  4212 | D:5      | Found a white marble altar of Elyvilon.
  4314 | D:5      | Reached XP level 8. HP: 39/39 MP: 16/16
  4914 | D:5      | Reached skill level 6 in Hexes
  5676 | D:6      | Reached skill level 5 in Short Blades
  5932 | D:6      | Reached XP level 9. HP: 45/45 MP: 19/19
  6082 | D:1      | Bought a book of Spatial Translocations for 260 gold pieces
  6085 | D:1      | Learned a level 2 spell: Blink
  6139 | D:1      | Bought a scroll of magic mapping for 82 gold pieces
  6260 | D:7      | Found a flagged portal.
  6280 | Bailey   | Entered a bailey
  6290 | Bailey   | Reached skill level 1 in Translocations
  6361 | Bailey   | Reached ** piety under Dithmenos
  6379 | Bailey   | Reached skill level 7 in Hexes
  6560 | Bailey   | Noticed an orc knight
  6564 | Bailey   | Killed an orc knight
  7010 | Bailey   | Noticed an orc knight
  7014 | Bailey   | Killed an orc knight
  7022 | Bailey   | Acquired 659 gold pieces
  7128 | Bailey   | Found an iron altar of Okawaru.
  7128 | Bailey   | Noticed a kobold demonologist
  7128 | Bailey   | Noticed a kobold demonologist
  7155 | Bailey   | Noticed a red devil
  7243 | Bailey   | Noticed an ice devil
  7382 | Bailey   | Identified the +6 dagger "Piroh" {vorpal, rCorr Int+2}
  7396 | Bailey   | Identified the +8 hand axe "Xihownum" {holy, +Blink rN+
                  | Str+2}
  7403 | Bailey   | Reached XP level 10. HP: 51/51 MP: 19/22
  7419 | Bailey   | Noticed a rust devil
  7555 | Bailey   | Reached skill level 10 in Stealth
  7657 | Bailey   | Noticed a soul eater
  7691 | Bailey   | Reached skill level 8 in Hexes
  7873 | D:7      | Identified the +5 hand axe of Responsibility {vamp, Fly
                  | rElec rPois Stlth-}
  7929 | D:7      | Found a sparkling altar of Nemelex Xobeh.
  7953 | D:7      | Reached *** piety under Dithmenos
  7973 | D:7      | Found a hazy altar of Hepliaklqana.
  8122 | D:7      | Noticed Prince Ribbit
  8143 | D:7      | Killed Prince Ribbit
  8148 | D:7      | Noticed Joseph
  8305 | D:7      | Killed Joseph
  8306 | D:7      | Reached skill level 5 in Fighting
  8864 | D:7      | Reached skill level 9 in Hexes
  9305 | D:8      | Found a staircase to the Lair.
  9429 | D:8      | Learned a level 4 spell: Cause Fear
  9538 | D:8      | Identified the +1 ring mail "Wofot" {Harm}
  9760 | D:8      | Noticed a boulder beetle
  9792 | D:8      | Killed a boulder beetle
  9828 | D:8      | Found a hide-covered altar of Uskayaw.
 10622 | D:9      | Found a basalt altar of Yredelemnul.
 10676 | D:9      | Found a glowing silver altar of Zin.
 10682 | D:9      | Reached skill level 10 in Hexes
 10682 | D:9      | Reached XP level 11. HP: 56/56 MP: 24/24
 10685 | D:9      | Noticed Erica
 10689 | D:9      | Reached **** piety under Dithmenos
 10765 | D:9      | Killed Erica
 11477 | D:10     | Entered Level 10 of the Dungeon
 12037 | D:10     | Found a shimmering blue altar of Sif Muna.
 12661 | D:11     | Noticed a boulder beetle
 12795 | D:11     | Killed a boulder beetle
 12796 | D:11     | Reached skill level 10 in Dodging
 12796 | D:11     | Reached skill level 11 in Hexes
 12902 | D:11     | Found a staircase to the Orcish Mines.
 13119 | D:11     | Reached ***** piety under Dithmenos
 13576 | D:11     | Found a transporter.
 13591 | D:11     | Noticed a rakshasa
 13953 | D:11     | Found a one-way gate to the infinite horrors of the Abyss.
 13953 | D:11     | Noticed Decritt's ghost (journeyman SpEn)
 13957 | D:11     | Found a transporter.
 13963 | D:11     | Noticed a thrashing horror
 13963 | D:11     | Noticed a skeletal warrior
 14016 | D:11     | Noticed a hell hog
 14120 | D:12     | Found Xolijuad's Jewellery Shoppe.
 14125 | D:12     | Bought a +6 ring of intelligence for 540 gold pieces
 14321 | D:12     | Noticed a soul eater
 14324 | D:12     | Noticed a soul eater
 14518 | D:12     | Reached skill level 10 in Spellcasting
 14605 | D:12     | HP: 1/56 [red devil/+0 spear (4)]
 14613 | D:12     | Noticed a green ugly thing
 14798 | D:12     | Killed a green ugly thing
 14880 | D:12     | Noticed a two-headed ogre
 14886 | D:12     | Killed a two-headed ogre
 14887 | D:12     | Reached XP level 12. HP: 61/61 MP: 27/27
 14985 | D:12     | Reached skill level 12 in Hexes
 15204 | D:12     | Noticed a boulder beetle
 15212 | D:12     | Killed a boulder beetle
 15485 | D:13     | Noticed a two-headed ogre
 15495 | D:13     | Killed a two-headed ogre
 15502 | D:13     | Noticed a centaur warrior
 15586 | D:13     | Noticed a catoblepas
 15749 | D:12     | Killed a centaur warrior
 15871 | D:13     | Noticed a centaur warrior
 15882 | D:12     | Killed a centaur warrior
 16110 | Lair:1   | Entered Level 1 of the Lair of Beasts
 16177 | Lair:1   | Noticed a catoblepas
 16180 | Lair:1   | Killed a catoblepas
 17330 | Lair:2   | Noticed Amaemon
 17337 | Lair:2   | Killed Amaemon
 17361 | Lair:2   | Found a staircase to the Swamp.
 17387 | Lair:1   | Reached skill level 13 in Hexes
 18728 | Lair:3   | Identified the +1 leather armour of Recklessness {rF+
                  | Will+}
 18760 | Lair:3   | Found a hole to the Spider Nest.
 18794 | Lair:3   | Reached skill level 1 in Armour
 18999 | Lair:3   | Noticed a death yak
 19039 | Lair:3   | Killed a death yak
 19040 | Lair:3   | Reached XP level 13. HP: 66/66 MP: 25/29
 19894 | Lair:3   | Found a runed translucent door.
 20932 | Lair:4   | Reached skill level 14 in Hexes
 22208 | Lair:5   | Entered Level 5 of the Lair of Beasts
 22208 | Lair:5   | Noticed Sonja
 22214 | Lair:5   | Killed Sonja
 22215 | Lair:5   | Reached skill level 10 in Short Blades
 22459 | Lair:5   | Reached ****** piety under Dithmenos
 22511 | Lair:5   | Reached skill level 15 in Hexes
 22548 | Lair:5   | Reached XP level 14. HP: 72/72 MP: 31/31
 23256 | Lair:5   | Found a runed translucent door.
 23259 | Lair:5   | Found a staircase to the Slime Pits.
 23663 | Lair:5   | Noticed Josephine
 23719 | Lair:5   | Killed Josephine
 25920 | D:13     | Reached skill level 16 in Hexes
 26253 | D:13     | Learned a level 8 spell: Discord
 26283 | D:13     | Found a gate to the Vaults.
 26452 | D:13     | Found a portal to a secret trove of treasure.
 26515 | Trove    | Entered a treasure trove
 26519 | Trove    | Identified the ring of Eternal Harmony {Ice rN+}
 26527 | Trove    | Identified the amulet "Ibranas" {Reflect +Inv SH+5}
 27032 | D:14     | Found a runed translucent door.
 27032 | D:14     | Noticed a shadow dragon
 27034 | D:14     | Noticed a stone giant
 27624 | D:14     | Found Jeleeq's Tremendous Tomes.
 27663 | D:14     | Found a runed translucent door.
 27665 | D:14     | Noticed Decritt's ghost (journeyman SpEn)
 27674 | D:14     | Killed Decritt's ghost
 27820 | D:15     | Entered Level 15 of the Dungeon
 27963 | D:14     | Reached skill level 1 in Shields
 28624 | D:15     | Noticed a cyan very ugly thing
 28628 | D:15     | Killed a cyan very ugly thing
 28629 | D:15     | Reached XP level 15. HP: 55/78 MP: 26/33
 29158 | D:15     | Found a staircase to the Depths.
 29604 | Swamp:1  | Entered Level 1 of the Swamp
 30131 | Swamp:1  | Reached skill level 17 in Hexes
 30231 | Swamp:1  | Reached skill level 5 in Armour
 33068 | Swamp:3  | Noticed Gydif's ghost (adept DsGl)
 33070 | Swamp:3  | Found a runed translucent gate.
 33070 | Swamp:3  | Found a runed translucent gate.
 33071 | Swamp:3  | Found a runed translucent gate.
 33384 | Swamp:3  | Killed Gydif's ghost
 33527 | Swamp:3  | Identified the ring "Baurgh" {Dex+4 SInv Stlth+}
 34047 | Swamp:4  | Entered Level 4 of the Swamp
 34191 | Swamp:4  | Noticed a fenstrider witch
 34380 | Swamp:4  | Noticed a thorn hunter
 34435 | Swamp:3  | Reached skill level 15 in Dodging
 34440 | Swamp:3  | Paralysed by a hornet for 2 turns
 34647 | Spider:1 | Entered Level 1 of the Spider Nest
 34647 | Spider:1 | Noticed Frances
 34648 | Spider:1 | Killed Frances
 35364 | Orc:1    | Entered Level 1 of the Orcish Mines
 35635 | Orc:1    | You fall into a shaft and drop 1 floor!
 35635 | Orc:2    | Entered Level 2 of the Orcish Mines
 35635 | Orc:2    | Noticed Rupert
 36527 | Orc:2    | Reached skill level 18 in Hexes
 36529 | Orc:2    | Found a staircase to the Elven Halls.
 36576 | Orc:2    | Killed Rupert
 36577 | Orc:2    | Reached XP level 16. HP: 71/84 MP: 9/35
 38084 | Orc:2    | Found Agodghang's Weapon Boutique.
 38084 | Orc:2    | Found Pudyq's General Store.
 38097 | Orc:2    | Found Tueh's Magic Scroll Emporium.
 38097 | Orc:2    | Found Pid Nog's Magic Scroll Emporium.
 38139 | Orc:2    | Bought a scroll of teleportation for 39 gold pieces
 38139 | Orc:2    | Bought a scroll of teleportation for 39 gold pieces
 38139 | Orc:2    | Bought a scroll of fear for 52 gold pieces
 38179 | Orc:2    | Bought the +8 dagger of Ese Xuipn {antimagic, *Corrode
                  | rElec Dex+4} for 942 gold pieces
 38249 | Elf:1    | Entered Level 1 of the Elven Halls
 38614 | Elf:1    | Killed from afar by a deep elf sorcerer

Illustrated notes

Levels and vault maps discovered:
D:1:      spicycebolla_arrival_clurvy, layout_loops_ring,
          dreamdust_ecumenical_altar_statues, serial_shops,
          nicolae_shop_competitors_out_of_business, nicolae_shop_crystal,
          nicolae_square_shop
D:2:      layout_loops_ring
D:3:      layout_basic, chequers_temple_overflow_statue_of_worship,
          serial_shops, shop
D:4:      layout_basic, grunt_temple_overflow_bloody_war,
          minmay_temple_entry_junction, minmay_cut_off, uniq_eustachio,
          uniq_menkaure
D:5:      layout_layer_cave, elyvilon_altar_3, minmay_misc_feat_roman,
          kennysheep_opposing_triangles
D:6:      layout_loops_corners, mainiacjoe_overflow_paths,
          hangedman_decor_peaks_small, minmay_quadrilaterals, uniq_maggie,
          uniq_sigmund
D:7:      layout_basic, lemuel_crystal_altar, mainiacjoe_overflow_tiny_flanked,
          enter_bailey_2, st_stairs_8, kennysheep_boxes, uniq_joseph,
          uniq_prince_ribbit1
D:8:      layout_gridville, lemuel_round_altar, david_lair_shrubbed
D:9:      layout_loops_ring, yredelemnul_forgotten_temple_becter, zin_academy,
          uniq_erica
D:10:     layout_basic, tgw_sif, hangedman_abyss_or_decor_passed,
          water_boxes_lemuel
D:11:     layout_basic, kennysheep_orc_monster_closet_entryway,
          gammafunk_ghost_abyssal_escape, hex_intersection
D:12:     layout_basic, serial_shops, nicolae_diamond_shop, minivault_5,
          einodemon_armed_red_devil_minivault
D:13:     layout_cave_pools, david_vaults_5, nicolae_trove_entry_path_of_doom
D:14:     layout_stronghold, ebering_ghost_inner_flame,
          hangedman_decor_riveting, nicolae_shop_i_like_big_books,
          kennysheep_treasure_room
D:15:     gammafunk_enter_depths_forms, layout_gridville, minmay_hedge_maze
Temple:   dpeg_chambers_temple
Lair:1:   layout_layer_cave
Lair:2:   layout_cave_pods, minmay_swamp_entry_reptiles, lemuel_fruit_tree,
          grunt_megastairs_3, serial_bayou_shore_a, uniq_amaemon
Lair:3:   gammafunk_lair_enchanted_lake, layout_layer_cave, spider_nest_entry_a
Lair:4:   layout_roguey, grunt_megastairs_2
Lair:5:   evilmike_catoblepas_cave, layout_cave_pods, slime_entry_2,
          uniq_josephine, uniq_sonja
Swamp:1:  layout_falls_marsh, evilmike_swamp_ruin_house_4
Swamp:2:  layout_basic_swamp, serial_swamp_ruin, evilmike_swamp_ruin_wall,
          evilmike_swamp_ruin_rubble_2
Swamp:3:  layout_basic_swamp, gammafunk_ghost_hydra_chop,
          hangedman_swamp_ruin_wall
Swamp:4:  swamp, layout_basic_swamp, infiniplex_staircase_pool_2
Spider:1: layout_spider_delve, hangedman_spider_tarantella_strand, uniq_frances
Orc:1:    layout_caves, guppyfry_library_mini
Orc:2:    st_orc_elflike, layout_caves, uniq_rupert
Elf:1:    eino_elf_arrival_customs, layout_geoelf_diagonals, minmay_elf_sorcery

Skill      XL: |  1  2  3  4  5  6  7  8  9 10 11 12 13 14 15 |
---------------+----------------------------------------------+-----
Dodging        | 3 4 5 6 8 9 10 11 12 14 15 | 15.8
Spellcasting   | 3 4 5 6 7 8 10 11 12 13 14 | 14.8
Hexes          | 4 5 6 7 10 11 13 15 16 18 | 18.3
Stealth        | 5 6 7 8 9 10 12 13 14 | 14.0
Fighting       | 1 2 3 4 5 6 7 8 9 |  9.9
Short Blades   | 2 3 4 5 6 7 8 9 10 | 10.7
Translocations | 4 |  4.5
Armour         | 1 3 4 5 |  5.0
Shields        | 1 4 |  4.7

Action                   |  1- 3 |  4- 6 |  7- 9 | 10-12 | 13-15 | 16-18 || total
-------------------------+-------+-------+-------+-------+-------+-------++-------
Melee: Dagger            |   131 |    85 |   277 |   499 |   868 |   172 ||  2032
       Punch             |     1 |     1 |     7 |     7 |    14 |       ||    30
 Cast: Ensorcelled Hiber |       |     7 |    36 |   102 |   229 |    10 ||   384
       Confusing Touch   |       |       |     7 |    17 |    74 |     6 ||   104
       Tukima's Dance    |       |       |     3 |    39 |    51 |     1 ||    94
       Dazzling Flash    |       |       |       |    13 |     2 |       ||    15
       Blink             |       |       |       |     3 |       |       ||     3
       Discord           |       |       |       |       |     3 |     4 ||     7
Evoke: Wand              |       |       |       |     8 |       |       ||     8
  Use: Scroll            |     7 |     4 |     2 |    16 |    10 |       ||    39
       Potion            |       |       |       |    11 |     2 |       ||    13
 Stab: Sleeping          |     8 |    13 |    44 |    88 |   162 |    16 ||   331
       Distracted        |       |     1 |       |     2 |     4 |     1 ||     8
       Confused          |       |       |     5 |    14 |    70 |     7 ||    96
       Invisible         |       |       |       |     9 |     1 |       ||    10
       Petrified         |       |       |       |       |     1 |       ||     1
Armor: Robe              |    14 |     7 |     8 |       |       |       ||    29
       Steam dragon scal |       |       |    11 |    26 |    56 |     5 ||    98
Dodge: Dodged            |    75 |    57 |   175 |   434 |   688 |    76 ||  1505
Block: Buckler           |       |       |       |       |   103 |    30 ||   133

Table legend: (Time is in decaauts)
 A = Elapsed time spent in this place.
 B = Non-inter-level travel time spent in this place.
 C = Inter-level travel time spent in this place.
 D = Time resting spent in this place.
 E = Time spent auto-exploring this place.
 F = Levels seen in this place.
 G = Mean time per level.
                   A        B        C        D        E       F      G
               +--------+--------+--------+--------+--------+-----+--------+
         Total |  29632 |  28021 |   1611 |  10176 |  10920 |  31 |  955.9 |
       Dungeon |  14204 |  13135 |   1069 |   3613 |   6186 |  15 |  946.9 |
        Temple |    144 |    142 |      2 |      0 |    129 |   1 |  144.0 |
          Lair |   7067 |   6807 |    260 |   2454 |   2929 |   5 | 1413.4 |
         Swamp |   4135 |   4020 |    115 |   2377 |    822 |   4 | 1033.8 |
   Spider Nest |    260 |    260 |      0 |    158 |     19 |   1 |  260.0 |
  Orcish Mines |   2254 |   2091 |    163 |    971 |    609 |   2 | 1127.0 |
   Elven Halls |    239 |    239 |      0 |      0 |    116 |   1 |  239.0 |
         Trove |     41 |     41 |      0 |      0 |      0 |   1 |   41.0 |
        Bailey |   1284 |   1284 |      0 |    602 |    106 |   1 | 1284.0 |
               +--------+--------+--------+--------+--------+-----+--------+

Top non-repeatable levels by time:
    D:12: 2236 daAuts
  Lair:3: 1933 daAuts
 Swamp:2: 1747 daAuts
   Orc:1: 1606 daAuts
  Lair:5: 1559 daAuts
  Lair:4: 1342 daAuts
  Bailey: 1284 daAuts
 Swamp:3: 1229 daAuts
    D:11: 1223 daAuts
  Lair:2: 1166 daAuts
     D:5: 1145 daAuts
     D:7: 1125 daAuts
  Lair:1: 1065 daAuts
    D:15: 1012 daAuts
    D:10: 986 daAuts
